 Dungeon Sprint DCSS version 0.27-a0-1513-g2aaa0cc67b (webtiles) character file.

Game seed: 12783984213239604990

14163 mhtbhm the Severer (level 11, 0/117 HPs)
             Began as a Minotaur Monk on July 9, 2021.
             Was the Champion of Qazlal.
             Slain by a snapping turtle (9 damage)
             ... in the Dungeon (Sprint VII: "The Pits").
             The game lasted 00:04:47 (2943 turns).

mhtbhm the Severer (Minotaur Monk)                  Turns: 2943, Time: 00:04:48

Health: 0/117      AC: 25    Str: 19    XL:     11   Next: 85%
Magic:  15/15      EV: 14    Int:  7    God:    Qazlal [******]
Gold:   0          SH:  8    Dex: 16    Spells: 10/10 levels left

rFire    . . .     SeeInvis .   a - +2 war axe (vorpal)
rCold    + . .     Faith    .   (no shield)
rNeg     . . .     Spirit   .   b - +3 chain mail {rC+}
rPois    .         Reflect  .   (helmet restricted)
rElec    .         Harm     .   p - +0 cloak
rCorr    .         Rampage  .   q - +0 pair of gloves
Will     .....     NoTele   +   (no boots)
Stlth    ..........             (no amulet)
HPRegen  0.29/turn              m - +3 ring of protection
MPRegen  0.14/turn              n - +3 ring of dexterity

@: protected from physical damage, unable to read, repel missiles
A: horns 2, retaliatory headbutt, inability to read while threatened
a: Renounce Religion, Upheaval, Elemental Force, Disaster Area


You were in the Dungeon.
You worshipped Qazlal.
Qazlal was exalted by your worship.
You visited 1 branch

Inventory:

Hand Weapons
 a - a +2 vorpal war axe (weapon)
Missiles
 l - 2 curare-tipped darts (quivered)
Armour
 b - a +3 chain mail of cold resistance (worn)
 p - a +0 cloak (worn)
 q - a +0 pair of gloves (worn)
Jewellery
 m - a +3 ring of protection (left hand)
 n - a +3 ring of dexterity (right hand)
Scrolls
 h - a scroll of blinking
 j - 5 scrolls of amnesia
 k - a scroll of summoning
Potions
 c - 6 potions of curing
 d - 12 potions of heal wounds
 e - 2 potions of haste
 f - 4 potions of magic
 g - 2 potions of berserk rage
 i - 2 potions of invisibility
 o - a potion of mutation


   Skills:
 + Level 17.3 Fighting
 + Level 18.8 Axes
 + Level 13.4 Armour
 + Level 12.9 Dodging
 + Level 3.7 Stealth
 + Level 10.6 Shields
 * Level 7.8 Invocations


You had 10 spell levels left.
You didn't know any spells.
Your spell library was empty.

Dungeon Overview and Level Annotations

Branches:
Dungeon (1/1)

Altars:
Ashenzari
Cheibriados
Dithmenos
Elyvilon
Fedhas
Gozag
Hepliaklqana
Kikubaaqudgha
Makhleb
Nemelex Xobeh
Okawaru
Qazlal
Ru
Sif Muna
Trog
Uskayaw
Vehumet
Wu Jian
Xom
Yredelemnul
Zin
The Shining One
Beogh
Jiyva
Lugonu


Innate Abilities, Weirdness & Mutations

You have a pair of horns on your head.
You reflexively headbutt those who attack you in melee.
You sometimes lose the ability to read scrolls when taking damage.


Message History

You kill the jackal!
Qazlal accepts your kill.
The jackal is engulfed in blazing flames.
You kill the jackal!
Qazlal accepts your kill.
The jackal bites you but does no damage.
The blink frog blinks!
Josephine draws life force from you!
Josephine is healed by the life force!
You block the wraith's attack. The necrophage barely misses you.
The snapping turtle barely misses you.
You slice Josephine!! You headbutt Josephine.
Josephine is almost dead.
You slash the wraith!
You destroy the wraith!
Qazlal accepts your kill.
You hit the jackal. You closely miss the necrophage.
You hit the jackal but do no damage. The jackal completely misses you.
You block the jackal's attack. You block Josephine's attack.
You hit Josephine but do no damage.
Josephine is almost dead.
You closely miss the jackal. You hit the necrophage.
Your chain mail prevents you from hitting the jackal.
You hit the wraith but do no damage. You block the jackal's attack.
You block Josephine's attack. The necrophage completely misses you.
The jackal is engulfed in blazing flames.
You kill the jackal!
Qazlal accepts your kill.
The snapping turtle bites you but does no damage.
The wraith completely misses you.
Unknown command.
Unknown command.
You slash Josephine!
You kill Josephine!
Qazlal accepts your kill.
You closely miss the necrophage. You closely miss the jackal.
You hit the wraith but do no damage. The jackal barely misses you.
The alligator snapping turtle bites you from afar!!
* * * LOW HITPOINT WARNING * * *
You block the necrophage's attack.
The snapping turtle bites you from afar!
You die...

#####################
############ ####
...#...+....###...#
.###...###...#...# .
##.+.).+.##.....#### ..
#..##'##..##...##..##..#
..##...##..')..#..°.....
..#.....#..#...#hW°.#..#
..'.....+..'..☼†@)tF....
..#.....#..#...#n○t.#..#
..##...##..+...#WW.§....
#..##)##..##...##..##..#
##.'...).##.....#### ..
.###)))###...#...# .
...#...+...[###...#
############# ####


You could see an alligator snapping turtle, a snapping turtle, a blink frog, 3
wraiths, a necrophage and a jackal.

Vanquished Creatures
  Josephine (D)
  A boulder beetle (D)
  Erolcha (D)
  An alligator snapping turtle (D)
  A hydra (D)
  A deep troll (D)
  A sea snake (D)
  A phantasmal warrior (D)
  An orc knight (D)
  A deep elf zephyrmancer (D)
  3 elephants (D)
  A smoke demon (D)
  A gargoyle (D)
  3 kobold demonologists (D)
  2 demonic crawlers (D)
  A komodo dragon (D)
  3 ice devils (D)
  A troll (D)
  2 hornets (D)
  2 blink frogs (D)
  7 dream sheep (D)
  A snapping turtle (D)
  A wandering mushroom (D)
  Sigmund (D)
  2 redbacks (D)
  2 wraiths (D)
  A fire elemental (D)
  A steam dragon (D)
  A chaos spawn (D)
  A neqoxec (D)
  Edmund (D)
  Menkaure (D)
  2 wargs (D)
  An acid dragon (D)
  A floating eye (D)
  An orc warrior (D)
  3 kobold brigands (D)
  2 gnoll sergeants (D)
  3 scorpions (D)
  A small abomination (D)
  An orc wizard (D)
  A hell rat (D)
  7 gnolls (D)
  An adder (D)
  A white imp (D)
  An adder skeleton (D)
  6 orcs (D)
  A hobgoblin (D)
  6 jackals (D)
  10 kobolds (D)
  A quokka (D)
  3 rats (D)
102 creatures vanquished.

Notes
Turn   | Place    | Note
-------+----------+-------------------------------------------
     0 | D        | mhtbhm the Minotaur Monk began the quest for the Orb.
     0 | D        | Reached XP level 1. HP: 19/19 MP: 0/0
    11 | D        | Noticed a floating eye
    16 | D        | Killed a floating eye
    17 | D        | Reached skill level 7 in Axes
    17 | D        | Reached XP level 2. HP: 34/34 MP: 1/1
    17 | D        | Reached XP level 3. HP: 39/39 MP: 2/2
    17 | D        | Reached XP level 4. HP: 47/47 MP: 3/3
    23 | D        | Found a bloodstained altar of Trog.
    23 | D        | Found a shimmering blue altar of Sif Muna.
    23 | D        | Found a viscous altar of Jiyva.
    23 | D        | Found a hazy altar of Hepliaklqana.
    23 | D        | Found an opulent altar of Gozag.
    24 | D        | Found a glowing golden altar of the Shining One.
    24 | D        | Found a glowing silver altar of Zin.
    24 | D        | Found a basalt altar of Yredelemnul.
    24 | D        | Found a shimmering altar of Xom.
    24 | D        | Found an ornate altar of the Wu Jian Council.
    24 | D        | Found a sacrificial altar of Ru.
    24 | D        | Found a stormy altar of Qazlal.
    24 | D        | Found an iron altar of Okawaru.
    24 | D        | Found a sparkling altar of Nemelex Xobeh.
    24 | D        | Found a burning altar of Makhleb.
    24 | D        | Found a blossoming altar of Fedhas.
    24 | D        | Found a white marble altar of Elyvilon.
    24 | D        | Found a shadowy altar of Dithmenos.
    24 | D        | Found a snail-covered altar of Cheibriados.
    26 | D        | Found a radiant altar of Vehumet.
    26 | D        | Found a corrupted altar of Lugonu.
    28 | D        | Found an ancient bone altar of Kikubaaqudgha.
    28 | D        | Found a hide-covered altar of Uskayaw.
    28 | D        | Found a broken altar of Ashenzari.
    33 | D        | Became a worshipper of Qazlal Stormbringer
    33 | D        | Reached * piety under Qazlal
    33 | D        | Reached ** piety under Qazlal
    90 | D        | Reached *** piety under Qazlal
   126 | D        | Noticed a scorpion
   126 | D        | Noticed a scorpion
   131 | D        | Killed a scorpion
   132 | D        | Reached skill level 8 in Axes
   132 | D        | Reached XP level 5. HP: 30/53 MP: 4/4
   141 | D        | Reached **** piety under Qazlal
   142 | D        | Reached skill level 9 in Axes
   207 | D        | Noticed Edmund
   212 | D        | Reached XP level 6. HP: 63/63 MP: 5/5
   213 | D        | Reached ***** piety under Qazlal
   215 | D        | Killed Edmund
   216 | D        | Reached skill level 10 in Fighting
   216 | D        | Reached skill level 10 in Axes
   217 | D        | Reached skill level 11 in Axes
   217 | D        | Reached skill level 1 in Shields
   297 | D        | Noticed Menkaure
   303 | D        | Killed Menkaure
   304 | D        | Reached XP level 7. HP: 66/73 MP: 6/6
   316 | D        | Noticed Erolcha
   339 | D        | Killed Erolcha
   340 | D        | Reached skill level 13 in Axes
   340 | D        | Reached XP level 8. HP: 23/83 MP: 7/7
   609 | D        | Reached ****** piety under Qazlal
   731 | D        | Noticed a kobold demonologist
   731 | D        | Noticed a kobold demonologist
   735 | D        | Reached skill level 1 in Armour
   743 | D        | Reached skill level 14 in Axes
   744 | D        | Killed a kobold demonologist
   744 | D        | Killed a kobold demonologist
   745 | D        | Reached XP level 9. HP: 93/93 MP: 1/8
   905 | D        | Noticed a smoke demon
   909 | D        | Paralysed by a hornet for 2 turns
   917 | D        | Reached skill level 15 in Axes
   917 | D        | Noticed a kobold demonologist
   918 | D        | Killed a smoke demon
   919 | D        | Reached skill level 5 in Armour
   925 | D        | Killed a kobold demonologist
   976 | D        | Noticed an elephant
   977 | D        | Noticed a wandering mushroom
   981 | D        | Killed an elephant
   982 | D        | Reached skill level 16 in Axes
   982 | D        | Reached skill level 5 in Shields
   997 | D        | Noticed an ice devil
  1015 | D        | Killed an ice devil
  1016 | D        | Reached XP level 10. HP: 91/104 MP: 9/9
  1051 | D        | Gained mutation: You sometimes lose the ability to read
                  | scrolls when taking damage. [a neqoxec]
  1060 | D        | Reached skill level 17 in Axes
  1277 | D        | Noticed a phantasmal warrior
  1283 | D        | Killed a phantasmal warrior
  1284 | D        | Reached skill level 15 in Fighting
  1290 | D        | Noticed an elephant
  1299 | D        | Killed an elephant
  1341 | D        | Noticed a five-headed hydra
  1350 | D        | Reached skill level 1 in Invocations
  1359 | D        | Killed a 15-headed hydra
  1360 | D        | Reached skill level 18 in Axes
  1360 | D        | Reached skill level 10 in Armour
  1549 | D        | Noticed an elephant
  1557 | D        | Killed an elephant
  1558 | D        | Reached XP level 11. HP: 105/114 MP: 11/13
  1570 | D        | Noticed Sigmund
  1571 | D        | Paralysed by a hornet for 3 turns
  1577 | D        | Killed Sigmund
  1907 | D        | Noticed an orc knight
  1920 | D        | Killed an orc knight
  2091 | D        | Noticed a deep elf zephyrmancer
  2094 | D        | Noticed a sea snake
  2095 | D        | Reached skill level 5 in Invocations
  2104 | D        | Killed a sea snake
  2110 | D        | Killed a deep elf zephyrmancer
  2314 | D        | Noticed an alligator snapping turtle
  2319 | D        | Noticed a deep troll
  2344 | D        | Killed an alligator snapping turtle
  2347 | D        | Killed a deep troll
  2631 | D        | Noticed a boulder beetle
  2648 | D        | Killed a boulder beetle
  2649 | D        | Reached skill level 10 in Shields
  2921 | D        | Noticed Josephine
  2932 | D        | Noticed an alligator snapping turtle
  2943 | D        | Killed Josephine
  2943 | D        | Slain by a snapping turtle

Illustrated notes

Levels and vault maps discovered:
D:        pitsprint [storerooms_1, entrance_room_1, metal_vault_6, armoury_3,
          mini_pit_1, grid_room_1, main_hall_1, silver_pit, the_coven_3,
          the_vestibule_1, steel_vault_3, golden_pit, hallway_of_sentries,
          crystal_vault_5, iron_vault_4, final_vault]

Skill      XL: |  1  2  3  4  5  6  7  8  9 10 11 |
---------------+----------------------------------+-----
Fighting       | 7 8 9 10 12 13 14 16 17 | 17.3
Axes           | 7 8 9 11 13 14 16 18 | 18.8
Dodging        | 6 7 8 9 11 12 | 12.9
Stealth        | 2 3 |  3.7
Shields        | 1 2 3 5 8 10 | 10.6
Armour         | 3 7 10 13 | 13.4
Invocations    | 4 7 |  7.8

Action                   |  1- 3 |  4- 6 |  7- 9 | 10-12 || total
-------------------------+-------+-------+-------+-------++-------
Melee: Hand axe          |     4 |    37 |    38 |       ||    79
       Headbutt          |     1 |    10 |    16 |    53 ||    80
       War axe           |       |       |    54 |   167 ||   221
  Use: Potion            |       |     2 |     2 |     1 ||     5
Armor: Chain mail        |       |     7 |    28 |   105 ||   140
Dodge: Dodged            |       |    17 |    37 |   107 ||   161
       Repelled          |       |       |     1 |       ||     1
Block: Other             |       |     9 |    17 |    93 ||   119

Table legend: (Time is in decaauts)
 A = Elapsed time spent in this place.
 B = Non-inter-level travel time spent in this place.
 C = Inter-level travel time spent in this place.
 D = Time resting spent in this place.
 E = Time spent auto-exploring this place.
 F = Levels seen in this place.
 G = Mean time per level.
                   A        B        C        D        E       F      G
               +--------+--------+--------+--------+--------+-----+--------+
         Total |   2874 |   2874 |      0 |   2059 |     27 |   1 | 2874.0 |
       Dungeon |   2874 |   2874 |      0 |   2059 |     27 |   1 | 2874.0 |
               +--------+--------+--------+--------+--------+-----+--------+

Top non-repeatable levels by time:
       D: 2874 daAuts
